Match 27981770
Unlisted

Match 27981770
End
Kettenkrad Recon Vehicle
Construct Infanterie Kompanie
MG 42 Machine Gun Team
Grenadier Squad
MG 42 Machine Gun Team
Construct Panzergrenadier Kompanie
251 Medium Carrier
251 Medium Carrier
Pak 40 Anti-tank Gun Team
Panzergrenadier Officer Quarters
Panzergrenadier Squad
Support Elements
Nebelwerfer 42 Rocket Launcher Team
Selects Luftwaffe Battlegroup
Selects Reconnaissance Run
Selects Fallschirmjäger Squad Paradrop
Panzergrenadier Squad
Pak 40 Anti-tank Gun Team
Count Coco Milkymilk
327310964
vjqpyz
Sofia
Friendly Mouse(Poxie)
my worst self
Gamingmusician
往事随风起
0
0

Comments sign in to comment!

No comments posted yet!